 Dungeon Crawl Stone Soup version 0.17.2-1-ge4368a0 (webtiles) character file.

14 Rottenbandages the Insei (level 2, 0/24 HPs)
             Began as a Mummy Monk on Oct 26, 2017.
             Slain by a ball python (1 damage)
             ... on level 2 of the Dungeon.
             The game lasted 00:01:03 (936 turns).

Rottenbandages the Insei (Mummy Monk)                Turns: 936, Time: 00:01:03

Health: 0/24       AC:  1    Str: 14    XL:     2   Next: 27%
Magic:  2/2        EV: 10    Int:  9    God:
Gold:   34         SH:  0    Dex: 14    Spells: 0 memorised, 1 level left

rFire  x . .     SeeInvis .       - Unarmed
rCold  + . .     Clarity  .     (no armour)
rNeg   + + +     SustAt   .     (no shield)
rPois  ∞         Gourm    .     (no helmet)
rElec  .         Spirit   .     a - +0 cloak (curse)
rCorr  .         Warding  .     (no gloves)
rMut   .         Stasis   .     (no boots)
MR     +....                    (no amulet)
Stlth  ++........               f - ring of protection from magic (curse)
                                (no ring)

@: constricted, somewhat resistant to hostile enchantments, unstealthy
A: no food or potions, fire vulnerability, cold resistance 1, negative energy
resistance 3, torment resistance, unbreathing
a: no special abilities


You were on level 2 of the Dungeon.
You were not hungry.

You visited 1 branch of the dungeon, and saw 2 of its levels.

You collected 34 gold pieces.


Innate Abilities, Weirdness & Mutations

You do not eat or drink.
Your flesh is vulnerable to fire.
You are immune to poison.
Your flesh is cold resistant.
You are immune to negative energy.
You are immune to unholy pain and torment.
You can survive without breathing.


   Skills:
 - Level 3.0 Fighting
 - Level 2.4 Dodging
 - Level 1.5 Stealth
 + Level 3.8 Unarmed Combat


You had one spell level left.
You didn't know any spells.

Inventory:

Armour
 a - a cursed +0 cloak (worn)
Jewellery
 f - a cursed ring of protection from magic (right hand)
Scrolls
 b - a scroll of noise {unknown}
 c - a scroll of enchant armour {unknown}
 d - a scroll of teleportation {unknown}
 e - a scroll of identify {unknown}
 g - a scroll of remove curse {unknown}
 h - a scroll of fear {unknown}
Comestibles
 i - a royal jelly

Dungeon Overview and Level Annotations

Branches:
Dungeon (2/15)

Altars:

>.▒ ▒.▒ ..▒.▒▒▒ ▒.▒
▒.▒.▒.. ▒.▒ . ▒.▒.▒.▒
▒.▒ ▒.▒▒▒▒.▒.▒.▒ ▒.▒
▒......▒.▒.▒▒ ▒.▒
▒...........▒ ▒.▒▒▒▒▒▒▒
▒...........▒▒▒........
▒......M.......▒▒▒▒▒▒▒▒
▒.....S.........(.....
▒▒▒...▒▒▒(....▒▒▒▒▒▒▒.
▒... ▒.....▒<....▒ ▒..
▒▒▒▒▒.▒▒▒▒▒.▒ ▒..
▒.......▒ ▒. ▒▒▒▒▒▒▒.▒
▒. ▒▒▒


You could see a ball python.


Message History

The ball python constricts you!
You take 3 damage, and have 4/24 hp!
You closely miss the ball python!
The ball python bites you but does no damage! * * * don't die
* * * The ball python constricts you!
You take 1 damage, and have 3/24 hp!
You closely miss the ball python!
The ball python completely misses you! * * * don't die
* * * The ball python constricts you!
You take 1 damage, and have 2/24 hp!
You squash the ball python like an ant!
The ball python is moderately wounded!
The ball python closely misses you! * * * don't die
* * * The ball python constricts you!
You take 1 damage, and have 1/24 hp!
You beat the ball python into a bloody pulp!
The ball python is heavily wounded!
The ball python barely misses you! The ball python constricts you!
You closely miss the ball python! Your punch misses the ball python!
The ball python is heavily wounded!
The ball python bites you but does no damage! * * * don't die
* * * The ball python constricts you!
You take 1 damage, and have 1/24 hp!
You barely miss the ball python!
The ball python is heavily wounded!
The ball python bites you! rip

Action                   || total
-------------------------++-------
Melee: Unarmed           ||    66
 Stab: Sleeping          ||     1

Vault maps used:
D:1:      dpeg_arrival_stonehenge_8_columns

Notes
Turn   | Place    | Note
--------------------------------------------------------------
     0 | D:1      | Rottenbandages the Mummy Monk began the quest for the Orb.
     0 | D:1      | Reached XP level 1. HP: 18/18 MP: 1/1
   468 | D:1      | Reached XP level 2. HP: 20/24 MP: 2/2
   932 | D:2      | HP: 2/24 [ball python (1)]
   936 | D:2      | Slain by a ball python

Vanquished Creatures
  A giant gecko (D:1)
  4 hobgoblins (D:1)
  A kobold (D:1)
  3 giant newts (D:1)
  2 goblins (D:1)
  2 rats (D:1)
13 creatures vanquished.
